 Dungeon Crawl Stone Soup version 0.28-a0-514-g0d7ab7f379 (webtiles) character file.

Game seed: 15611636445749003602

7132 robertstho the Thaumaturge (level 11, -9/76 HPs)
             Began as a Djinni Fire Elementalist on Sept 22, 2021.
             Mangled by a skeletal warrior (32 damage)
             ... on level 8 of the Dungeon.
             The game lasted 00:14:32 (11346 turns).

robertstho the Thaumaturge (DjFE)                  Turns: 11346, Time: 00:14:33

Health: -9/76      AC:  3    Str:  7    XL:     11   Next: 31%
Gold:   24         EV: 12    Int: 21    God:
                   SH:  0    Dex: 13

rFire   + + +      SeeInvis .   m - +2 long sword (elec)
rCold   x . .      Faith    .   (no shield)
rNeg    + . .      Spirit   .   q - +0 leather armour of Qazlal's Envy {rPois rF+ rN+}
rPois   ∞          Reflect  .   (no helmet)
rElec   .          Harm     .   (no cloak)
rCorr   .          Rampage  .   (no gloves)
Will    +....                   (boots unavailable)
Stlth   ++........              (no amulet)
HPRegen 0.22/turn               (no ring)
MPRegen 0.00/turn               (no ring)

@: flying
A: sickness immunity, fire resistance 2, cold vulnerability 1, float, innate
caster, hp casting, extra vitality 1
a: no special abilities


You were on level 8 of the Dungeon.
You visited 2 branches of the dungeon, and saw 9 of its levels.

You collected 336 gold pieces.
You spent 312 gold pieces at shops.

Inventory:

Hand Weapons
 m - a +2 long sword of electrocution (weapon)
Armour
 a - a +0 robe
 q - the +0 leather armour of Qazlal's Envy (worn) {rPois rF+ rN+}
   (You found it on level 4 of the Dungeon)

   rF:        It protects you from fire.
   rPois:     It protects you from poison.
   rN:        It protects you from negative energy.
 s - a +2 leather armour of cold resistance
Jewellery
 d - a ring of ice
Wands
 e - a wand of digging (3)
Scrolls
 b - 4 scrolls of blinking {unknown}
 g - a scroll of enchant armour
 h - a scroll of silence
 j - 7 scrolls of teleportation
 k - a scroll of amnesia
 l - a scroll of fog
 r - a scroll of summoning
Potions
 c - 6 potions of curing
 f - 2 potions of invisibility {unknown}
 i - a potion of heal wounds
 o - 3 potions of brilliance
 p - a potion of might
 t - a potion of attraction
 v - 2 potions of degeneration
 w - a potion of lignification


   Skills:
 * Level 5.6 Fighting
 + Level 3.4 Long Blades
 + Level 4.1 Armour
 + Level 3.5 Dodging
 + Level 3.5 Stealth
 * Level 11.0 Spellcasting


You had 4 spell levels left.
You knew the following spells:

 Your Spells              Type           Power      Damage    Failure   Level
a - Foxfire               Conj/Fire      100%       2x1d9     1%          1
b - Scorch                Fire           100%       2d10      1%          2
c - Conjure Flame         Conj/Fire      55%        6-21      1%          3
d - Inner Flame           Hex/Fire       55%        N/A       1%          3
e - Flame Wave            Conj/Fire      55%        3d10      1%          4
f - Apportation           Tloc           100%       N/A       1%          1
g - Wereblood             Tmut           55%        N/A       1%          2
h - Swiftness             Air            55%        N/A       1%          3
i - Petrify               Tmut/Erth      55%        N/A       1%          4
j - Summon Mana Viper     Hex/Summ       55%        N/A       2%          5
Your spell library was empty.

Dungeon Overview and Level Annotations

Branches:
Dungeon (8/15)             Temple (1/1) D:6
   Lair: D:8-11

Altars:
Ashenzari
Cheibriados
Dithmenos
Elyvilon
Fedhas
Hepliaklqana
Kikubaaqudgha
Makhleb
Nemelex Xobeh
Okawaru
Qazlal
Ru
Sif Muna
Trog
Uskayaw
Vehumet
Wu Jian
Xom
Yredelemnul
Zin
The Shining One

Shops:
D:4 !   D:8 !?:[!


Innate Abilities, Weirdness & Mutations

You are immune to sickness and miasma.
You are immune to poison.
Your flesh is very heat resistant. (rF++)
You are vulnerable to cold. (rC-)
You float through the air rather than walking.
You learn spells naturally, not from books.
Your magical power is your life essence.
You have superior vitality. (+4 HP)


Message History

The skeletal warrior barely misses your mana viper.
Your mana viper bites the skeletal warrior!
Your mana viper bites the skeletal warrior.
The skeletal warrior misses your mana viper.
Your mana viper barely misses the skeletal warrior.
The skeletal warrior hits your mana viper with a +0 battleaxe!!
Your mana viper dies!
Your mana viper disappears in a puff of smoke!
Casting: Summon Mana Viper (dangerous; 2% risk of failure)
Confirm with . or Enter, or press ? or * to list all spells.
Flames lash the skeletal warrior.
The skeletal warrior resists.
The skeletal warrior is heavily damaged.
The skeletal warrior's fire resistance burns away.
Casting: Scorch (safe; 1% risk of failure)
Confirm with . or Enter, or press ? or * to list all spells.
Casting: Flame Wave (dangerous; 1% risk of failure)
Press: ? - help, Dir - look around, f - activate A wave of flame ripples out!
The flame wave engulfs the skeletal warrior!
The skeletal warrior is severely damaged. (Press . to intensify the flame waves.)
The skeletal warrior hits you with a +0 battleaxe!!
* * * LOW HITPOINT WARNING * * *
A wave of flame ripples out!
The flame wave engulfs the skeletal warrior!!
The skeletal warrior is almost destroyed.
* * * LOW HITPOINT WARNING * * *
The skeletal warrior is no longer more vulnerable to fire.
The skeletal warrior completely misses you.
A wave of flame ripples out!
The flame wave engulfs the skeletal warrior but does no damage.
The skeletal warrior is almost destroyed.
* * * LOW HITPOINT WARNING * * *
You finish channelling waves of flame.
You hear a shout!
The skeletal warrior hits you with a +0 battleaxe.
* * * LOW HITPOINT WARNING * * *
You feel much better.
The skeletal warrior hits you with a +0 battleaxe!!
You die...

##..##.##.# #.#
####......##.# #.#
......)#####.####
#.#
####............#
#.# ############.#
#.# #.# #.# #.#
#####.# #.##
#.....# #.@#
#.##### ##z# #..##
#.# #...# ### #.#
#.∩.# ♣.♣♣#.#
#...# #♣♣♣.♣#.#
#..## #..♣♣.#.#
#.## #.....#.#
#.#####
#+########...♣♣#.#
#......


You could see a skeletal warrior.

Vanquished Creatures
  A two-headed ogre (D:8)
  A glowing orange brain (shapeshifter) (D:8)
  Pikel (D:5)
  A gargoyle (D:8)
  A troll (D:6)
  Grinder (D:6)
  A vampire (D:8)
  Sigmund (D:2)
  A yak (D:8)
  Menkaure (D:6)
  4 water moccasins
  2 ice beasts
  2 sky beasts (D:7)
  Duvessa (D:6)
  3 orc warriors
  A black bear (D:7)
  2 necrophages
  5 ogres
  5 centaurs
  3 lemures (D:5)
  A phantom (D:4)
  3 bullfrogs
  2 scorpions
  Dowan (D:6)
  10 killer bees (D:8)
  A water moccasin skeleton (D:7)
  7 wights (D:8)
  3 howler monkeys
  A bullfrog zombie (D:5)
  2 centaur zombies
  2 jellies
  2 hounds
  2 orc priests (D:5)
  A gnoll shaman (D:5)
  Ijyb (D:3)
  4 iguanas
  5 orc wizards
  A scorpion zombie (D:5)
  2 hound zombies (D:5)
  8 gnolls
  An adder (D:2)
  A shadow imp (D:5)
  3 white imps
  An ufetubus (D:5)
  3 worms
  A dart slug (D:1)
  24 orcs
  3 bats
  6 endoplasms
  A giant cockroach (D:1)
  6 goblins
  3 hobgoblins
  5 kobolds
  2 quokkas
  5 ball pythons
  A frilled lizard (D:1)
  A rat (D:3)
164 creatures vanquished.

Vanquished Creatures (others)
  555 foxfires
  16 plants (D:8)
571 creatures vanquished.

Grand Total: 735 creatures vanquished

Notes
Turn   | Place    | Note
-------+----------+-------------------------------------------
     0 | D:1      | robertstho the Djinni Fire Elementalist began the quest for
                  | the Orb.
     0 | D:1      | Reached XP level 1. HP: 15/15 MP: 0/0
   492 | D:1      | Reached XP level 2. HP: 19/22 MP: 0/0
  1455 | D:2      | Reached XP level 3. HP: 21/26 MP: 0/0
  1455 | D:2      | Learned a level 1 spell: Apportation
  1546 | D:2      | Reached skill level 3 in Spellcasting
  2226 | D:2      | Reached skill level 1 in Fighting
  2514 | D:2      | Noticed Sigmund
  2518 | D:2      | Killed Sigmund
  2519 | D:2      | Reached skill level 4 in Spellcasting
  2519 | D:2      | Reached XP level 4. HP: 3/33 MP: 0/0
  2519 | D:2      | Reached XP level 5. HP: 3/38 MP: 0/0
  2519 | D:2      | Learned a level 2 spell: Wereblood
  2519 | D:2      | Reached XP level 6. HP: 4/43 MP: 0/0
  3013 | D:3      | Noticed Ijyb
  3025 | D:3      | Killed Ijyb
  3175 | D:3      | Noticed an ogre
  3181 | D:3      | Killed an ogre
  3229 | D:3      | Found a broken altar of Ashenzari.
  3388 | D:3      | Reached XP level 7. HP: 44/49 MP: 0/0
  3388 | D:3      | Learned a level 3 spell: Swiftness
  3726 | D:3      | Found a hazy altar of Hepliaklqana.
  3939 | D:4      | Reached skill level 5 in Spellcasting
  3984 | D:4      | Reached skill level 1 in Long Blades
  4077 | D:4      | Found Zeaduon's Distillery.
  4081 | D:4      | Bought a potion of heal wounds for 70 gold pieces
  4083 | D:4      | Identified the +0 leather armour of Qazlal's Envy {rPois
                  | rF+ rN+}
  4598 | D:4      | Reached XP level 8. HP: 50/55 MP: 0/0
  4934 | D:5      | Entered Level 5 of the Dungeon
  4941 | D:5      | Reached skill level 6 in Spellcasting
  5640 | D:5      | Reached skill level 7 in Spellcasting
  5699 | D:5      | Found an ornate altar of the Wu Jian Council.
  5923 | D:5      | Reached skill level 1 in Armour
  5923 | D:5      | Reached XP level 9. HP: 27/60 MP: 0/0
  5923 | D:5      | Learned a level 4 spell: Petrify
  6114 | D:5      | Noticed a +0 hand axe
  6115 | D:5      | Noticed a +0 dagger
  6118 | D:5      | Found a hide-covered altar of Uskayaw.
  6661 | D:5      | Noticed Pikel
  6668 | D:5      | Killed Pikel
  6669 | D:5      | Reached skill level 8 in Spellcasting
  7052 | D:6      | Noticed Dowan
  7054 | D:6      | Noticed Duvessa
  7056 | D:6      | Killed Dowan
  7060 | D:6      | Noticed Menkaure
  7062 | D:6      | Killed Duvessa
  7278 | D:6      | Killed Menkaure
  7507 | D:6      | Noticed Grinder
  7509 | D:6      | Paralysed by Grinder for 2 turns
  7517 | D:6      | Killed Grinder
  7573 | D:6      | Reached XP level 10. HP: 64/68 MP: 0/0
  7758 | D:6      | Found a bloodstained altar of Trog.
  7846 | D:6      | Found a staircase to the Ecumenical Temple.
  7897 | Temple   | Entered the Ecumenical Temple
  8608 | D:7      | Reached skill level 9 in Spellcasting
  9521 | D:8      | Noticed a two-headed ogre
  9529 | D:8      | Killed a two-headed ogre
  9574 | D:8      | Reached skill level 10 in Spellcasting
  9580 | D:8      | Reached skill level 5 in Fighting
  9850 | D:8      | Found Kezisuse's Book Shop.
  9968 | D:8      | Found Caaqoss's Distillery.
  9991 | D:8      | Bought a potion of degeneration for 14 gold pieces
  9991 | D:8      | Bought a potion of curing for 42 gold pieces
 10027 | D:8      | Found Enehuriret's Antique Armour Shop.
 10451 | D:8      | Found Ceucyuko's Magic Scroll Shop.
 10457 | D:8      | Bought a scroll of identify for 22 gold pieces
 10457 | D:8      | Bought a scroll of silence for 82 gold pieces
 10457 | D:8      | Bought a scroll of amnesia for 38 gold pieces
 10457 | D:8      | Bought a scroll of identify for 22 gold pieces
 10457 | D:8      | Bought a scroll of identify for 22 gold pieces
 10482 | D:8      | Reached XP level 11. HP: 62/75 MP: 0/0
 10482 | D:8      | Learned a level 5 spell: Summon Mana Viper
 10663 | D:8      | Found Sumuthri's Distillery.
 10814 | D:8      | Noticed a boulder beetle
 11296 | D:8      | Noticed a glowing orange brain
 11299 | D:8      | Identified the +5 flail "Kaec" {elec, *Rage *Noise Will+
                  | Dex+4}
 11301 | D:8      | Killed a glowing orange brain
 11302 | D:8      | Reached skill level 11 in Spellcasting
 11325 | D:8      | Identified the ring "Xotona" {rF+ Str+4 Dex+6}
 11325 | D:8      | Noticed a skeletal warrior
 11346 | D:8      | Mangled by a skeletal warrior

Illustrated notes

Levels and vault maps discovered:
D:1:      matt_arrival_grand_opening, layout_basic
D:2:      layout_loops_ring, uniq_sigmund
D:3:      layout_basic, worldfamousw_hep_ancestral_shrine,
          mainiacjoe_overflow_brackets, st_stairs_14,
          chequers_serial_rivers_micro_a, uniq_ijyb
D:4:      layout_cave_pods, serial_shops, shop
D:5:      cheibrodos_fzero, layout_layer_cave, dancing_weapons_uskayaw,
          nicolae_wu_jian_wuxing_cycle, uniq_pikel
D:6:      layout_loops_cross, mainiacjoe_overflow_surrounded_room,
          minmay_temple_entry_enclosed_plants, sigmund_army, uniq_duvessa,
          uniq_grinder, uniq_menkaure
D:7:      layout_cave_pods
D:8:      nzn_winding_woodlands_stair_cross [nzn_winding_woodlands_5x15_pool,
          nzn_winding_woodlands_center_garden,
          nzn_winding_woodlands_5x15_default,
          nzn_winding_woodlands_5x5_open_star, nzn_winding_woodlands_hourglass,
          nzn_winding_woodlands_5x15_garden,
          nzn_winding_woodlands_center_pierced_h,
          nzn_winding_woodlands_5x15_jagged], layout_loops_ring,
          mainiacjoe_overflow_alcove_1, serial_shops, shop_scrolls, shop,
          shop_coins, shop_fountains, nicolae_shop_crystal,
          kennysheep_generic_room_16
Temple:   eino_wide_crystal_templ

Skill      XL: |  1  2  3  4  5  6  7  8  9 10 11 |
---------------+----------------------------------+-----
Spellcasting   | 4 5 7 8 10 11 | 11.0
Fighting       | 1 2 3 4 5 |  5.6
Stealth        | 2 3 |  3.5
Long Blades    | 1 2 3 |  3.4
Armour         | 1 3 4 |  4.1
Dodging        | 3 |  3.5

Action                   |  1- 3 |  4- 6 |  7- 9 | 10-12 || total
-------------------------+-------+-------+-------+-------++-------
Melee: Short sword       |     1 |       |       |       ||     1
       Long sword        |       |     4 |    11 |    24 ||    39
 Cast: Foxfire           |    86 |    24 |   130 |    94 ||   334
       Scorch            |     4 |     4 |    14 |    24 ||    46
       Flame Wave        |       |       |    13 |    14 ||    27
       Swiftness         |       |       |     1 |       ||     1
       Summon Mana Viper |       |       |       |     2 ||     2
Evoke: Wand              |       |       |       |     1 ||     1
  Use: Scroll            |       |     3 |     5 |     4 ||    12
       Potion            |       |       |     1 |     2 ||     3
 Stab: Sleeping          |       |     1 |     1 |       ||     2
Armor: Robe              |     3 |       |       |       ||     3
       Leather armour    |       |       |     9 |     7 ||    16
Dodge: Dodged            |    14 |     1 |    27 |    32 ||    74

Table legend: (Time is in decaauts)
 A = Elapsed time spent in this place.
 B = Non-inter-level travel time spent in this place.
 C = Inter-level travel time spent in this place.
 D = Time resting spent in this place.
 E = Time spent auto-exploring this place.
 F = Levels seen in this place.
 G = Mean time per level.
                   A        B        C        D        E       F      G
               +--------+--------+--------+--------+--------+-----+--------+
         Total |  11355 |  11052 |    303 |   1184 |   8765 |   9 | 1261.7 |
       Dungeon |  11242 |  10962 |    280 |   1184 |   8685 |   8 | 1405.2 |
        Temple |    112 |     90 |     22 |      0 |     80 |   1 |  112.0 |
               +--------+--------+--------+--------+--------+-----+--------+

Top non-repeatable levels by time:
     D:5: 1912 daAuts
     D:8: 1841 daAuts
     D:4: 1457 daAuts
     D:1: 1449 daAuts
     D:2: 1447 daAuts
     D:6: 1115 daAuts
     D:7: 1022 daAuts
     D:3: 996 daAuts
  Temple: 112 daAuts
